 Dungeon Crawl Stone Soup version 0.13.0-9-gbc74161 (webtiles) character file.

38 Bloax the Ruffian (level 3, 0/30 HPs)
             Began as a Minotaur Monk on Oct 17, 2013.
             Succumbed to Crazy Yiuf's poison
             ... on Level 2 of the Dungeon.
             The game lasted 00:01:06 (98 turns).

Bloax the Ruffian (Minotaur Monk)                     Turns: 98, Time: 00:01:06

HP   0/30        AC  2     Str 15      XL: 3   Next: 12%
MP   1/1         EV 13     Int  7      God:
Gold 5           SH  0     Dex 13      Spells:  0 memorised,  2 levels left

Res.Fire  : . . .   See Invis. : .     - Unarmed
Res.Cold  : . . .   Warding    : .   a - +0 robe
Life Prot.: . . .   Conserve   : .   (no shield)
Res.Poison: .       Res.Corr.  : .   (helmet restricted)
Res.Elec. : .       Clarity    : .   (no cloak)
Sust.Abil.: . .     Spirit.Shd : .   (no gloves)
Res.Mut.  : .       Stasis     : .   (no boots)
Res.Rott. : .       Flight     : .   (no amulet)
Saprovore : . . .                    (no ring)
                                     d - cursed ring of hunger {unknown}

@: mildly poisoned, not resistant to hostile enchantments, unstealthy
A: retaliatory headbutt, horns 2
a: no special abilities


You were on level 2 of the Dungeon.
You were not hungry.

You visited 1 branch of the dungeon, and saw 2 of its levels.

You collected 5 gold pieces.


Innate Abilities, Weirdness & Mutations

You reflexively headbutt those who attack you in melee.
You have a pair of horns on your head.


   Skills:
 + Level 4.0 Fighting
 + Level 3.7 Dodging
 - Level 1.5 Stealth
 * Level 5.0 Unarmed Combat


You had 2 spell levels left.
You didn't know any spells.

Dungeon Overview and Level Annotations

Branches:
Dungeon (2/27)

Altars:

Inventory:

Missiles
 c - 2 throwing nets (quivered)
Armour
 a - a +0 robe (worn)
 e - a +1 cloak of darkness
   (You took it off Crazy Yiuf on level 2 of the Dungeon)
Comestibles
 b - a bread ration
Jewellery
 d - a cursed ring of hunger (left hand) {unknown}
   (You found it on level 1 of the Dungeon)

##+##
#...#
#..@#
#..)#
#####


There were no monsters in sight!


Message History

You now have 5 gold pieces.
A goblin comes into view. It is wielding an orcish dagger.
The goblin shouts!
The goblin moves out of view.
Found 2 throwing nets and a scratched bronze ring.
The goblin closely misses you.
You hit the goblin. You headbutt the goblin.
The goblin is heavily wounded.
The goblin completely misses you. You furiously retaliate!
You headbutt the goblin!
You kill the goblin!
You see here an orcish dagger.
Found an escape hatch in the floor.
You see here 2 throwing nets.
c - 2 throwing nets
d - a scratched bronze ring Put on which piece of jewellery? (? for menu, Esc to quit)
Oops, that ring feels deathly cold.
d - a cursed scratched bronze ring (left hand) {tried} You aren't carrying any spellbooks or scrolls.
Found a sling.
A jackal comes into view.
Found a scroll labeled SORIWK CIOHOE.
A rat and a jackal come into view.
The jackal barks!
A jackal comes into view.
There is an escape hatch in the floor here.
The jackal misses you.
You hit the jackal.
You kill the jackal!
You slide downwards.
The hatch slams shut behind you.
Crazy Yiuf comes into view.
He is wielding a quarterstaff of chaos.
Crazy Yiuf shouts!
Found a hammer.
Enter note: nice fuckin landing You aren't carrying any potions.
You hit Crazy Yiuf but do no damage. You barely miss Crazy Yiuf.
You headbutt Crazy Yiuf!
Crazy Yiuf is heavily wounded.
Crazy Yiuf hits you with a quarterstaff of chaos.
You blink.
Crazy Yiuf closely misses you.
You closely miss Crazy Yiuf.
Crazy Yiuf is heavily wounded.
You barely miss Crazy Yiuf.
Crazy Yiuf is heavily wounded.
Crazy Yiuf barely misses you.
You barely miss Crazy Yiuf. You headbutt Crazy Yiuf.
Crazy Yiuf is severely wounded.
Crazy Yiuf hits you with a quarterstaff of chaos!
Ouch! That really hurt!
* * * LOW HITPOINT WARNING * * *
You are poisoned.
Unknown command.
You barely miss Crazy Yiuf.
Crazy Yiuf is severely wounded.
Crazy Yiuf barely misses you. You furiously retaliate!
You headbutt Crazy Yiuf. You hit Crazy Yiuf.
You kill Crazy Yiuf!
Your Fighting skill increases to level 4!
Your Unarmed Combat skill increases to level 5!
You have reached level 2!
You have reached level 3!
Your experience leads to an increase in your attributes!
Increase (S)trength, (I)ntelligence, or (D)exterity?
You feel agile.
e - a glowing cloak You see here a quarterstaff of chaos.
Wear which item? (? for menu, Esc to quit)
You die...

Action                   || total
-------------------------++-------
Melee: Unarmed           ||    10

Vault maps used:
D:1:      co_entry_random_square_maze
D:2:      uniq_crazy_yiuf_cottage

Notes
Turn   | Place    | Note
--------------------------------------------------------------
     0 | D:1      | Bloax, the Minotaur Monk, began the quest for the Orb.
     0 | D:1      | Reached XP level 1. HP: 17/17 MP: 0/0
    87 | D:2      | Noticed Crazy Yiuf
    88 | D:2      | nice fuckin landing
    93 | D:2      | HP: 1/17 [Crazy Yiuf/quarterstaff of chaos (15)]
    95 | D:2      | Killed Crazy Yiuf
    95 | D:2      | Reached skill level 4 in Fighting
    95 | D:2      | Reached skill level 5 in Unarmed Combat
    95 | D:2      | Reached XP level 2. HP: 1/25 MP: 0/0
    95 | D:2      | Reached XP level 3. HP: 1/30 MP: 1/1
    98 | D:2      | Succumbed to Crazy Yiuf's poison

Vanquished Creatures
  Crazy Yiuf (D:2)
  A giant gecko (D:1)
  A goblin (D:1)
  A jackal (D:1)
4 creatures vanquished.
